 Dungeon Crawl Stone Soup version 0.25-a0-670-g50981ef59b (webtiles) character file.

Game seed: 1857283327920817138, levelgen mode: deterministic

3840 BeastOfSaturn the Archer (level 9, -6/111 HPs)
             Began as a Centaur Berserker on Mar 29, 2020.
             Was an Elder of Trog.
             Mangled by a hornet (11 damage)
             ... while paralysed by a hornet
             ... on level 8 of the Dungeon.
             The game lasted 00:22:56 (8237 turns).

BeastOfSaturn the Archer (Centaur Berserker)        Turns: 8237, Time: 00:22:57

Health: -6/111     AC: 10    Str: 20    XL:     9   Next: 98%
Magic:  9/9        EV:  1    Int:  6    God:    Trog [****..]
Gold:   507        SH:  0    Dex: 12    Spells: 8/8 levels left

rFire    . . .     SeeInvis .   a - +7 lajatang (flame)
rCold    . . .     Gourm    .   (shield currently unavailable)
rNeg     . . .     Faith    .   H - +0 plate armour
rPois    +         Spirit   .   (no helmet)
rElec    .         Reflect  .   (no cloak)
rCorr    .         Harm     .   (no gloves)
MR       ++...                  (no barding)
Stlth    ..........             (no amulet)
HPRegen  1.28/turn              j - ring of poison resistance
MPRegen  0.11/turn              u - +1 ring of evasion

@: paralysed, berserking (expiring), regenerating, slowed, very quick
A: large, hooves 3, deformed body, speed 2, tough skin 3
a: Berserk, Trog's Hand, Brothers in Arms, Renounce Religion


You were on level 8 of the Dungeon.
You worshipped Trog.
Trog was greatly pleased with you.
You were very hungry.

You visited 1 branch of the dungeon, and saw 8 of its levels.

You collected 507 gold pieces.

Inventory:

Hand Weapons
 a - a +7 lajatang of flaming (weapon)
 b - a +0 shortbow
 m - a +0 falchion
 J - a +0 long sword
Missiles
 x - 94 arrows
Armour
 g - a +0 leather armour
 t - a +0 chain mail
 w - a +0 animal skin
 H - a +0 plate armour (worn)
 I - cursed +0 steam dragon scales
Magical Staves
 K - an uncursed staff of summoning
Jewellery
 j - a ring of poison resistance (left hand)
 s - an uncursed ring of see invisible
 u - a +1 ring of evasion (right hand)
 y - an uncursed amulet of harm
 E - a +3 ring of strength
Wands
 r - a wand of flame (33)
Scrolls
 d - 2 scrolls of fear {unknown}
 f - 3 scrolls of teleportation
 h - a scroll of identify
 k - 3 scrolls of immolation {unknown}
 o - 5 scrolls of remove curse {unknown}
 p - 4 scrolls of amnesia {unknown}
 v - a scroll of noise {unknown}
 F - a scroll of enchant armour {unknown}
 G - a scroll of brand weapon {unknown}
Potions
 e - 2 potions of stabbing
 i - 3 potions of heal wounds
 l - a potion of cancellation {unknown}
 n - 5 potions of lignification
 q - 3 potions of curing
 z - a potion of mutation {unknown}
 A - 2 potions of resistance {unknown}
 B - a potion of might {unknown}
 C - 2 potions of haste
 D - a potion of brilliance {unknown}
 L - a potion of magic {unknown}
Comestibles
 c - 6 rations


   Skills:
 - Level 5.3 Fighting
 - Level 8.1 Long Blades
 * Level 10.7 Bows
 * Level 5.5 Armour
 - Level 1.3 Dodging


You had 8 spell levels left.
You didn't know any spells.
Your spell library was empty.

Dungeon Overview and Level Annotations

Branches:
Dungeon (8/15)             Temple (0/1) D:4            Lair (0/6) D:8

Altars:
Dithmenos
Elyvilon
Fedhas
Kikubaaqudgha
Ru
Sif Muna
Trog
Yredelemnul
The Shining One

Annotations:
D:8 Grum


Innate Abilities, Weirdness & Mutations

You have hooves in place of feet.
Armour fits poorly on your strangely shaped body.
You cover ground very quickly.
You have extremely tough skin. (AC +3)


Message History

You feel as though you will be slow longer.
The hornet stings you!
* * * LOW HITPOINT WARNING * * *
You feel as though you will be slow longer.
You closely miss the hornet. Your kick misses the hornet.
The hornet is lightly wounded.
The hornet stings you but does no damage.
The hornet stings you.
* * * LOW HITPOINT WARNING * * *
You feel as though you will be slow longer.
Okay, then.
Your plate armour prevents you from hitting the hornet.
You kick the hornet!
The hornet is heavily wounded.
The hornet stings you but does no damage.
The hornet stings you!
* * * LOW HITPOINT WARNING * * *
You suddenly lose the ability to move!
The hornet stings you!
You die...

#........#.. #.# #
#........#..###.#####
#......##...........
#.....##....###....
#....###.#...≈...#. ##..##
##..#...#..# ##.# #.##P.P##.#
#y## #..PPP....# #######@#
#≈..P>P..≈# ###....#.##
#....PPP..# ##........#
#.##...##.# ##........##
##..#...#..# ##..........#
#.#...≈...#. . #...........##
#....###.... #..
#............#####...........
#...###...........##...........##
#...# ###..#..................##


You could see a hornet.

Vanquished Creatures
  Maggie (D:6)
  Grinder (D:3)
  A hippogriff (D:8)
  Menkaure (D:7)
  4 sky beasts
  2 phantoms (D:4)
  An orc warrior (D:6)
  2 ice beasts
  3 ogres
  A wolf (D:8)
  4 centaurs
  3 bullfrogs
  A gnoll sergeant (D:8)
  2 scorpions
  4 killer bees (D:7)
  3 howler monkeys (D:7)
  3 crimson imps
  3 orc priests
  2 hounds
  5 orc wizards
  A centaur skeleton (D:7)
  2 iguanas (D:4)
  6 worker ants
  A howler monkey zombie (D:6)
  A worker ant zombie (D:5)
  10 gnolls
  7 adders
  A shadow imp (D:5)
  4 oozes
  A worm (D:4)
  6 leopard geckos
  29 orcs
  A bat zombie (D:4)
  7 giant cockroaches
  6 hobgoblins
  24 jackals
  8 kobolds
  3 quokkas
  A ball python (D:2)
  A ball python skeleton (D:5)
  6 bats
  6 frilled lizards
  7 goblins
  A jackal skeleton (D:4)
  2 quokka skeletons
  15 rats
204 creatures vanquished.

Notes
Turn   | Place    | Note
-------+----------+-------------------------------------------
     0 | D:1      | BeastOfSaturn the Centaur Berserker began the quest for the
                  | Orb.
     0 | D:1      | Reached XP level 1. HP: 19/19 MP: 1/1
   146 | D:1      | Reached XP level 2. HP: 8/26 MP: 2/2
   556 | D:1      | Reached XP level 3. HP: 26/31 MP: 3/3
   755 | D:1      | Reached ** piety under Trog
  1269 | D:2      | Found a shimmering blue altar of Sif Muna.
  1543 | D:2      | Reached XP level 4. HP: 40/40 MP: 4/4
  1796 | D:2      | Reached *** piety under Trog
  2138 | D:3      | Reached XP level 5. HP: 25/46 MP: 5/5
  2356 | D:3      | Noticed Grinder
  2364 | D:3      | HP: 3/69 [Grinder/puff of flame (9)]
  2366 | D:3      | Killed Grinder
  2366 | D:3      | Reached XP level 6. HP: 4/53 MP: 6/6
  2607 | D:3      | Found a basalt altar of Yredelemnul.
  2862 | D:4      | Reached skill level 5 in Long Blades
  3074 | D:4      | Found a staircase to the Ecumenical Temple.
  3120 | D:4      | Reached XP level 7. HP: 19/60 MP: 7/7
  3460 | D:4      | Found a shadowy altar of Dithmenos.
  3543 | D:4      | Reached skill level 5 in Fighting
  3772 | D:4      | Found an ancient bone altar of Kikubaaqudgha.
  3979 | D:5      | Entered Level 5 of the Dungeon
  4237 | D:5      | Found a glowing golden altar of the Shining One.
  4297 | D:5      | Reached XP level 8. HP: 6/68 MP: 8/8
  4633 | D:5      | You fall into a shaft and drop 3 floors!
  4676 | D:7      | Noticed Menkaure
  4684 | D:7      | Killed Menkaure
  4684 | D:7      | Reached skill level 2 in Bows
  4688 | D:7      | Reached skill level 3 in Bows
  4731 | D:7      | Reached skill level 4 in Bows
  4775 | D:7      | Reached skill level 5 in Bows
  4944 | D:7      | Found a blossoming altar of Fedhas.
  5009 | D:7      | Reached skill level 6 in Bows
  5094 | D:7      | Reached **** piety under Trog
  5106 | D:7      | Reached XP level 9. HP: 37/74 MP: 9/9
  5171 | D:7      | Reached skill level 7 in Bows
  5217 | D:7      | Found a white marble altar of Elyvilon.
  5970 | D:6      | Reached skill level 8 in Bows
  5970 | D:6      | Reached skill level 5 in Armour
  6837 | D:6      | Noticed Maggie
  6858 | D:6      | Killed Maggie
  6858 | D:6      | Reached skill level 9 in Bows
  7209 | D:8      | Found a bloodstained altar of Trog.
  7213 | D:8      | Found a sacrificial altar of Ru.
  7235 | D:8      | Reached skill level 10 in Bows
  7287 | D:8      | Found a staircase to the Lair.
  7861 | D:8      | Noticed Grum
  8173 | D:8      | Reached ***** piety under Trog
  8173 | D:8      | Received a gift from Trog
  8177 | D:8      | Identified the cursed ring of Iculeell {rElec rN++ AC-3
                  | Dex-5 SInv}
  8236 | D:8      | HP: 4/111 [hornet (9)]
  8236 | D:8      | Paralysed by a hornet for 3 turns
  8237 | D:8      | Mangled by a hornet

Levels and vault maps discovered:
D:1:      dpeg_arrival_stone_temple_mockup, layout_loops_corners
D:2:      layout_loops_ring, lemuel_blue_sif_altar,
          minmay_randomly_rotated_circles
D:3:      layout_loops_ring, old_standard_altar, uniq_grinder
D:4:      layout_loops_cross, nicolae_dithmenos_shadow_blocks,
          lemuel_zombie_altar_kikubaaqudgha, minmay_temple_entry_mini_moons,
          first_ration
D:5:      layout_rooms, overflow_temple_1_default
D:6:      layout_basic, uniq_maggie
D:7:      layout_basic, elyvilon_altar_5, kennysheep_mini, supply_closet_lemuel,
          uniq_menkaure
D:8:      layout_cave_pods, nicolae_overflow_hidden_temple, dpeg_oklobed_lair,
          uniq_gastronok, uniq_grum

Skill      XL: |  1  2  3  4  5  6  7  8  9 |
---------------+----------------------------+-----
Long Blades    | 3 4 5 6 7 8 |  8.1
Fighting       | 4 5 |  5.3
Armour         | 2 3 4 5 |  5.5
Bows           | 6 10 | 10.7
Dodging        | |  1.3

Action                   |  1- 3 |  4- 6 |  7- 9 || total
-------------------------+-------+-------+-------++-------
Melee: Falchion          |    77 |       |       ||    77
       Kick              |    17 |    34 |    83 ||   134
       Long sword        |    18 |   126 |   300 ||   444
       Lajatang          |       |       |     4 ||     4
 Fire: Shortbow          |       |       |   214 ||   214
Invok: Trog's Hand       |       |     1 |     9 ||    10
       Berserk           |       |     1 |     4 ||     5
  Use: Scroll            |       |     2 |     5 ||     7
       Potion            |       |       |     1 ||     1
  Eat: Chunk             |     1 |     5 |       ||     6
       Ration            |       |     1 |     5 ||     6
Armor: Animal skin       |    24 |       |       ||    24
       Leather armour    |    21 |    60 |     3 ||    84
       Chain mail        |       |       |   172 ||   172
       Plate armour      |       |       |    87 ||    87
Dodge: Dodged            |    60 |    64 |   124 ||   248
       Rpst.: Falchion   |    13 |       |       ||    13
       Long sword        |     4 |    23 |    32 ||    59

Table legend:
 A = Non-vault XP
 B = Vault XP
 C = Vault XP percentage of total XP
 D = Non-vault monster count
 E = Vault monster count
 F = Vault count percentage of total count
                 A         B        C        D         E       F
            +---------+---------+-------+---------+---------+-------
      Total |    4508 |     978 |  17.8 |     193 |      11 |   5.4
            +---------+---------+-------+---------+---------+-------
        D:1 |      57 |       0 |   0.0 |      29 |       0 |   0.0
        D:2 |      35 |      21 |  37.5 |      23 |       6 |  20.7
        D:3 |     123 |     272 |  68.9 |      31 |       1 |   3.1
        D:4 |     876 |       2 |   0.2 |      21 |       1 |   4.5
        D:5 |     308 |       0 |   0.0 |      12 |       0 |   0.0
        D:6 |     918 |     395 |  30.1 |      25 |       1 |   3.8
        D:7 |    1365 |     172 |  11.2 |      26 |       1 |   3.7
        D:8 |     826 |     116 |  12.3 |      26 |       1 |   3.7
            +---------+---------+-------+---------+---------+-------
